 Dungeon Crawl Stone Soup version 0.20.0-8-g6b59dc7 (webtiles) character file.

43218 inmateoo the Grappler (level 14, -8/152 (153) HPs)
             Began as an Ogre Monk on May 31, 2017.
             Was the Champion of Cheibriados.
             Mangled by a seven-headed hydra (14 damage)
             ... on level 6 of the Lair of Beasts.
             The game lasted 00:34:12 (22617 turns).

inmateoo the Grappler (Ogre Monk)                  Turns: 22617, Time: 00:34:13

HP:   -8/152 (153)  AC:  9    Str: 41    XL:     14   Next: 23%
MP:   25/25         EV: 15    Int: 29    God:    Cheibriados [******]
Gold: 501           SH:  0    Dex: 26    Spells: 24/27 levels left

rFire    . . .     SeeInvis .     - Unarmed
rCold    . . .     Gourm    +   (no shield)
rNeg     . . .     Faith    .   M - +0 swamp dragon scales
rPois    +         Spirit   .   (helmet restricted)
rElec    .         Reflect  .   h - scarf {cloud immunity}
rCorr    .         Harm     .   (gloves unavailable)
MR       +....                  (boots unavailable)
Stlth    ++........             D - amulet of the gourmand
Regen    0.4/turn               A - +3 ring of intelligence
MPRegen  0.2/turn               S - +4 ring of strength (curse)

@: very slow
A: unfitting armour, horns 2, tough skin 1
a: Bend Time, Temporal Distortion, Slouch, Step From Time, Renounce Religion


You were on level 6 of the Lair of Beasts.
You worshipped Cheibriados.
Cheibriados was exalted by your worship.
You were full.

You visited 4 branches of the dungeon, and saw 18 of its levels.

You collected 1251 gold pieces.
You spent 750 gold pieces at shops.

Inventory:

Hand Weapons
 q - the +1 falchion "Murmur" {flame, rElec Str+5}
   (You found it on level 4 of the Dungeon)

   It has been specially enchanted to burn those struck by it, causing extra
   injury to most foes and up to half again as much damage against particularly
   susceptible opponents.
   Big, fiery blades are also staple armaments of hydra-hunters.
   It affects your strength (+5).
   It insulates you from electricity.
Missiles
 d - 453 stones (quivered)
 p - 6 javelins of penetration
 K - a throwing net
Armour
 h - a scarf of cloud immunity (worn)
 y - a +0 robe of resistance
 J - a +0 troll leather armour
 M - +0 swamp dragon scales (worn)
Jewellery
 g - an uncursed ring of fire
 n - an uncursed ring of ice
 A - a +3 ring of intelligence (left hand)
 D - an amulet of the gourmand (around neck)
 S - a cursed +4 ring of strength (right hand)
Wands
 a - a wand of paralysis (9/24)
 i - a wand of lightning (5/15)
 m - a wand of iceblast (3/15)
 t - a wand of flame (18/48)
 u - a wand of confusion (11/48)
 v - a wand of polymorph (13/24)
 N - a wand of lightning (0/15)
 O - a wand of clouds (1/9)
 U - a wand of iceblast (8/15)
 V - a wand of lightning (6/15)
 Y - a wand of clouds (6/9)
 Z - a wand of paralysis (16/24)
Scrolls
 e - 4 scrolls of amnesia
 k - 3 scrolls of recharging
 r - 6 scrolls of remove curse
 B - 2 scrolls of magic mapping
 C - 3 scrolls of enchant armour
 F - 2 scrolls of fog
 G - 2 scrolls of teleportation
 H - 2 scrolls of silence
 L - 2 scrolls of blinking
Potions
 c - 2 potions of curing
 j - 3 potions of brilliance
 l - 4 potions of flight
 o - a potion of mutation
 w - 2 potions of magic
 T - a potion of agility {unknown}
 W - a potion of might
 X - a potion of heal wounds
Books
 x - a book of Callings

   Spells                             Type                      Level
   a - Summon Small Mammal            Summoning                    1
   b - Call Imp                       Summoning                    2
   c - Call Canine Familiar           Summoning                    3
   d - Summon Guardian Golem          Hexes/Summoning              3
   e - Summon Lightning Spire         Summoning/Air                4
   f - Summon Ice Beast               Ice/Summoning                4
 I - a book of Geomancy

   Spells                             Type                      Level
   a - Sandblast                      Earth                        1
   b - Passwall                       Transmutation/Earth          2
   c - Stone Arrow                    Conjuration/Earth            3
   d - Petrify                        Transmutation/Earth          4
   e - Lee's Rapid Deconstruction     Earth                        5
Miscellaneous
 E - a phantom mirror
Comestibles
 b - 13 bread rations
 f - 6 meat rations
 s - 14 fruits
 z - 7 royal jellies


   Skills:
 + Level 13.3 Fighting
 - Level 3.3 Throwing
 - Level 4.0 Armour
 + Level 6.5 Dodging
 - Level 1.4 Stealth
 * Level 14.6 Unarmed Combat
 * Level 7.4 Spellcasting
 * Level 6.1 Earth Magic
 + Level 8.9 Invocations


You had 24 spell levels left.
You knew the following spells:

 Your Spells              Type           Power        Failure   Level  Hunger
a - Passwall              Tmut/Erth      ####......   2%          2    None
b - Sandblast             Erth           #####.       1%          1    None


Dungeon Overview and Level Annotations

Branches:
Dungeon (10/15)            Temple (1/1) D:7            Lair (6/6) D:8
  Swamp (0/4) Lair:3        Snake (0/4) Lair:2          Orc (1/2) D:10
  Slime: Lair:5-6

Altars:
Cheibriados
Dithmenos
Hepliaklqana
Kikubaaqudgha
Makhleb
Nemelex Xobeh
Qazlal
Ru
Sif Muna
Trog
Uskayaw
Xom
Zin
The Shining One

Shops:
D:5 *   D:6 =

Annotations:
D:4 Duvessa


Innate Abilities, Weirdness & Mutations

You are too large for most types of armour.
You have tough skin. (AC +1)
You have a pair of horns on your head.


Message History

You barely miss the seven-headed hydra.
Your headbutt misses the seven-headed hydra.
The seven-headed hydra is almost dead.
The komodo dragon bites you!!
* * * LOW HITPOINT WARNING * * *
Unknown command.
Unknown command.
You hit the seven-headed hydra. You headbutt the seven-headed hydra!
The seven-headed hydra is almost dead.
The seven-headed hydra bites you.
* * * LOW HITPOINT WARNING * * *
The seven-headed hydra bites you!
* * * LOW HITPOINT WARNING * * *
The seven-headed hydra completely misses you.
The seven-headed hydra bites you!
* * * LOW HITPOINT WARNING * * *
The seven-headed hydra misses you. The seven-headed hydra bites you!
* * * LOW HITPOINT WARNING * * *
The seven-headed hydra bites you!
You die...

........##..# #####...
......#.......##.##.....
....................#...
..................P#....
................†.......
..........[.............
..(.......†.....PP......
..........†.†...P.......
......D@................
......l......<..........
#.......................
#.#.............).......
# ##....................
#....................
#..t.................
#.........##..#.P....
##.....


You could see a seven-headed hydra, a komodo dragon and a crocodile.

Vanquished Creatures
  Harold (D:10)
  7 hydras
  5 two-headed ogres
  3 death yaks (Lair:3)
  The ghost of oki the Transmogrifier, a novice OpTm of Sif Muna (D:8)
  An oklob plant (Lair:1)
  16 elephants
  4 black mambas
  14 spiny frogs
  A torpor snail (Lair:5)
  2 rime drakes (Lair:4)
  4 komodo dragons
  A troll (D:9)
  Grinder (D:3)
  15 blink frogs
  8 hippogriffs
  Prince Ribbit (D:7)
  31 yaks
  A hungry ghost (D:10)
  2 basilisks
  Menkaure (D:4)
  6 swamp worms (Lair:3)
  13 water moccasins
  6 porcupines
  3 orc warriors
  2 sky beasts
  4 ice beasts
  5 necrophages
  A black bear (D:6)
  4 phantoms
  9 ogres
  6 wolves (Lair:5)
  3 centaurs
  9 crocodiles
  A big kobold (D:8)
  12 bullfrogs
  A wyvern skeleton (D:10)
  Dowan (D:4)
  5 scorpions
  8 killer bees
  2 wights (D:7)
  4 howler monkeys
  An electric eel (Lair:3)
  A bullfrog zombie (D:7)
  4 crimson imps
  A quasit (D:6)
  A jelly (D:6)
  2 centaur skeletons
  4 orc priests
  3 hounds
  2 bullfrog skeletons
  3 iguanas
  7 worker ants
  6 orc wizards
  A killer bee zombie (D:6)
  4 gnolls
  14 adders
  3 shadow imps
  2 oozes
  5 worms
  2 dart slugs
  5 leopard geckos
  35 orcs
  4 ball pythons
  8 bats
  5 giant cockroaches
  5 hobgoblins
  16 jackals
  3 quokkas
  A ball python skeleton (D:4)
  7 frilled lizards
  5 goblins
  13 kobolds
  3 quokka skeletons
  A quokka zombie (D:5)
  7 rats
  A fungus (Lair:2)
410 creatures vanquished.

Vanquished Creatures (others)
  A bush (Lair:1)
  10 fungi
  2 plants
13 creatures vanquished.

Grand Total: 423 creatures vanquished

Notes
Turn   | Place    | Note
-------+----------+-------------------------------------------
     0 | D:1      | inmateoo the Ogre Monk began the quest for the Orb.
     0 | D:1      | Reached XP level 1. HP: 24/24 MP: 1/1
    61 | D:1      | Reached skill level 3 in Unarmed Combat
    61 | D:1      | Reached XP level 2. HP: 17/32 MP: 2/2
   353 | D:1      | Reached XP level 3. HP: 40/40 MP: 3/3
  1638 | D:2      | Reached XP level 4. HP: 49/49 MP: 4/4
  1645 | D:2      | Found a bloodstained altar of Trog.
  1665 | D:2      | Reached skill level 5 in Fighting
  1828 | D:2      | Found a faded altar of an unknown god.
  2663 | D:3      | Noticed Grinder
  2667 | D:3      | Paralysed by something for 5 turns
  2676 | D:3      | Killed Grinder
  2676 | D:3      | Reached skill level 5 in Unarmed Combat
  2676 | D:3      | Reached XP level 5. HP: 30/61 MP: 5/5
  2676 | D:3      | Reached XP level 6. HP: 34/68 MP: 6/6
  3730 | D:3      | Reached XP level 7. HP: 59/76 MP: 7/7
  4568 | D:4      | Got a brightly glowing falchion
  4569 | D:4      | Identified the +1 falchion "Murmur" {flame, rElec Str+5} (You found it on level 4 of the Dungeon)
  4631 | D:4      | Noticed Duvessa
  4746 | D:4      | Noticed Menkaure
  4751 | D:4      | Killed Menkaure
  4751 | D:4      | Reached skill level 1 in Throwing
  4751 | D:4      | Reached skill level 6 in Unarmed Combat
  5491 | D:4      | Reached XP level 8. HP: 77/88 MP: 8/8
  5984 | D:4      | Noticed Dowan
  5990 | D:4      | Killed Dowan
  6251 | D:4      | Reached skill level 7 in Unarmed Combat
  6463 | D:5      | Entered Level 5 of the Dungeon
  6502 | D:5      | Found a glowing golden altar of the Shining One.
  6912 | D:5      | Found Ratiraipp's Serpentskin Sales.
  7435 | D:5      | Reached skill level 8 in Unarmed Combat
  7643 | D:5      | Reached XP level 9. HP: 59/98 MP: 9/9
  8291 | D:6      | Found Uca Lufa's Jewellery Emporium.
  8463 | D:6      | Reached skill level 9 in Unarmed Combat
  8761 | D:6      | Found an ancient bone altar of Kikubaaqudgha.
  8762 | D:6      | Found a shadowy altar of Dithmenos.
  9164 | D:7      | Found a staircase to the Ecumenical Temple.
  9172 | Temple   | Entered the Ecumenical Temple
  9181 | Temple   | Became a worshipper of Cheibriados the Contemplative
  9181 | Temple   | Reached * piety under Cheibriados
  9181 | Temple   | Reached ** piety under Cheibriados
  9229 | D:7      | Reached skill level 10 in Fighting
  9262 | D:7      | Found a hide-covered altar of Uskayaw.
  9348 | D:7      | Found a deep blue altar of Sif Muna.
  9348 | D:7      | Found a stormy altar of Qazlal.
  9964 | D:8      | Noticed oki's ghost (novice OpTm)
  9986 | D:8      | Killed oki's ghost
  9986 | D:8      | Reached skill level 10 in Unarmed Combat
  9986 | D:8      | Reached XP level 10. HP: 50/113 MP: 10/10
 10236 | D:8      | Noticed Prince Ribbit
 10247 | D:7      | Reached *** piety under Cheibriados
 10621 | D:7      | Killed Prince Ribbit
 11040 | D:8      | Found a staircase to the Lair.
 11057 | D:8      | Identified a scroll of acquirement
 11138 | D:8      | Found a hazy altar of Hepliaklqana.
 11843 | D:8      | Reached skill level 11 in Unarmed Combat
 11921 | D:9      | Noticed a two-headed ogre
 11928 | D:9      | Killed a two-headed ogre
 11992 | D:9      | Reached **** piety under Cheibriados
 12372 | D:9      | Noticed a two-headed ogre
 12382 | D:9      | Killed a two-headed ogre
 12519 | D:9      | Noticed a two-headed ogre
 12524 | D:9      | Killed a two-headed ogre
 12524 | D:9      | Reached XP level 11. HP: 120/120 MP: 13/13
 12529 | D:9      | Reached skill level 5 in Dodging
 12563 | D:9      | Reached skill level 12 in Unarmed Combat
 12828 | D:9      | Noticed a two-headed ogre
 12835 | D:9      | Killed a two-headed ogre
 13000 | D:10     | Entered Level 10 of the Dungeon
 13017 | D:10     | Noticed Harold
 13036 | D:10     | Killed Harold
 13199 | D:10     | Reached skill level 5 in Invocations
 13281 | D:10     | Gained mutation: You have a pair of small horns on your head. [mutagenic meat]
 13282 | D:10     | Gained mutation: You have a pair of horns on your head. [mutagenic meat]
 13296 | D:10     | Reached ***** piety under Cheibriados
 13396 | D:10     | Noticed a two-headed ogre
 13406 | D:10     | Killed a two-headed ogre
 13644 | D:10     | Found a staircase to the Orcish Mines.
 13972 | Orc:1    | Entered Level 1 of the Orcish Mines
 14174 | D:5      | Bought +0 swamp dragon scales for 750 gold pieces
 14292 | Lair:1   | Entered Level 1 of the Lair of Beasts
 14544 | Lair:1   | Reached skill level 1 in Armour
 14871 | Lair:1   | Reached skill level 13 in Unarmed Combat
 14871 | Lair:1   | Reached XP level 12. HP: 110/129 MP: 16/16
 15201 | Lair:1   | Noticed a four-headed hydra
 15206 | Lair:1   | Killed a four-headed hydra
 15279 | Lair:1   | Noticed a seven-headed hydra
 15285 | Lair:1   | Killed a seven-headed hydra
 16063 | Lair:2   | Found a staircase to the Snake Pit.
 16302 | Lair:2   | Learned a level 2 spell: Passwall
 16304 | Lair:2   | Learned a level 1 spell: Sandblast
 16312 | Lair:2   | Noticed a four-headed hydra
 16323 | Lair:2   | Killed a four-headed hydra
 16323 | Lair:2   | Reached skill level 1 in Spellcasting
 16343 | Lair:2   | Reached skill level 1 in Earth Magic
 16495 | Lair:2   | Noticed a five-headed hydra
 16572 | Lair:2   | Killed a five-headed hydra
 17427 | Lair:3   | Noticed a death yak
 17427 | Lair:3   | Noticed a death yak
 17428 | Lair:3   | Noticed a death yak
 17442 | Lair:3   | Killed a death yak
 17450 | Lair:3   | Killed a death yak
 17459 | Lair:3   | Killed a death yak
 17463 | Lair:3   | Reached XP level 13. HP: 140/140 MP: 17/19
 17744 | Lair:3   | Found a staircase to the Swamp.
 17749 | Lair:3   | Reached ****** piety under Cheibriados
 18375 | Lair:4   | Reached skill level 14 in Unarmed Combat
 18388 | Lair:4   | Reached skill level 5 in Spellcasting
 20749 | Lair:5   | Reached skill level 5 in Earth Magic
 21543 | Lair:6   | Entered Level 6 of the Lair of Beasts
 21567 | Lair:5   | Reached XP level 14. HP: 74/152 MP: 24/24
 22617 | Lair:6   | HP: 6/152 [seven-headed hydra (11)]
 22617 | Lair:6   | Mangled by a seven-headed hydra

Skill      XL: |  1  2  3  4  5  6  7  8  9 10 11 12 13 14 |
---------------+-------------------------------------------+-----
Unarmed Combat | 3 5 6 8 10 11 13 14 | 14.6
Fighting       | 6 7 9 11 12 13 | 13.3
Throwing       | 2 3 |  3.3
Dodging        | 4 6 |  6.5
Invocations    | 3 6 7 8 |  8.9
Armour         | 1 3 4 |  4.0
Spellcasting   | 4 6 7 |  7.4
Earth Magic    | 3 5 6 |  6.1
Stealth        | |  1.4

Action                   |  1- 3 |  4- 6 |  7- 9 | 10-12 | 13-15 || total
-------------------------+-------+-------+-------+-------+-------++-------
Melee: Unarmed           |   141 |   152 |   414 |   433 |   311 ||  1451
       Punch             |       |       |    13 |    40 |    49 ||   102
       Headbutt          |       |       |       |    70 |   124 ||   194
Throw: Stone             |    18 |       |     1 |    10 |     4 ||    33
       Javelin           |       |       |    11 |    21 |       ||    32
Evoke: Wand              |       |       |       |    23 |     3 ||    26
  Use: Scroll            |     6 |     3 |    11 |     5 |     4 ||    29
       Potion            |     1 |     2 |     3 |     3 |     1 ||    10
 Stab: Invisible         |     2 |     3 |       |       |       ||     5
       Sleeping          |     3 |     5 |    10 |     5 |     1 ||    24
       Distracted        |       |       |       |     2 |     1 ||     3
       Paralysed         |       |       |       |     2 |       ||     2
       Confused          |       |       |       |     1 |       ||     1
  Eat: Chunk             |     2 |     5 |    18 |    22 |     9 ||    56
       Royal jelly       |       |     1 |       |       |       ||     1
       Fruit             |       |       |     1 |       |       ||     1
Armor: Robe              |    46 |    61 |    70 |    23 |       ||   200
       Skin              |       |       |     7 |    12 |     9 ||    28
       Troll leather arm |       |       |       |    12 |       ||    12
       Swamp dragon scal |       |       |       |    15 |   127 ||   142
Dodge: Dodged            |    86 |    91 |   147 |   208 |   238 ||   770
